Map: Lerilak Crest

Players

LiquidSnute (Snute) - Winner!

  • Race: Zerg Zerg
  • League: Grandmaster

MorroW

  • Race: Protoss Protoss
  • League: Master

Event: DreamHack ZOWIE Open Leipzig

VOD

Have the link to the VOD?

Description

Time

  • Played on: Jan. 22, 2016, 9:28 a.m.
  • Length: 14:20

All games in this series

Show
View Real Time Build Order
Export as new Build Order

LiquidSnute Zerg - Winner!

Build Orders: Hatch First, Hydra Corruptor, Hydra Viper, Lurkers 

Get SALT Encoding   

  12  0:00  Drone  
  13  0:12  Overlord  
  13  0:16  Drone  
  14  0:30  Drone x2  
  14  0:34  Drone  
  17  0:51  Hatchery  
  17  0:54  Drone  
  17  1:08  Spawning Pool  
  17  1:11  Drone  
  17  1:14  Drone  
  18  1:35  Hatchery  
  18  1:37  Drone  
  18  1:41  Drone  
  18  1:44  Drone  
  20  1:49  Drone  
  21  1:56  Extractor  
  21  1:57  Queen  
  23  2:06  Queen  
  25  2:12  Overlord  
  25  2:14  Drone  
  26  2:17  Zergling x2  
  26  2:20  Drone  
  28  2:30  Drone x2  
  28  2:33  Queen  
  32  2:37  Drone x2  
  32  2:43  Drone  
  35  2:48  Queen  
  35  2:50  Overlord  
  37  2:55  Queen  
  39  2:58  Drone  
  39  3:00  Drone  
  39  3:02  Drone  
  42  3:10  Zergling x8  
  42  3:12  Drone  
  47  3:14  Drone  
  47  3:15  Drone  
  48  3:21  Zergling x4  
  48  3:26  Overlord  
  50  3:29  Extractor x2  
  50  3:31  Drone x2  
  50  3:44  Drone  
  50  3:45  Drone x2  
  50  3:57  Drone x6  
  50  3:58  Drone  
  50  3:59  Drone  
  50  4:01  Overlord  
  58  4:05  Overlord  
  58  4:13  Spore Crawler  
  57  4:18  Lair  
  57  4:19  Overlord, Drone x2  
  57  4:20  Drone x5  
  57  4:22  Drone  
  65  4:31  Drone x3  
  65  4:32  Drone  
  65  4:33  Drone x3  
  65  4:35  Drone  
  72  4:41  Extractor  
  72  4:42  Extractor  
  72  4:43  Drone x3, Extractor  
  72  4:44  Extractor  
  71  4:51  Metabolic Boost  
  71  4:52  Drone  
  72  4:54  Drone  
  72  4:55  Evolution Chamber, Drone, Roach Warren  
  72  5:02  Drone x3  
  72  5:04  Drone x2  
  77  5:13  Zergling x8  
  81  5:20  Drone x3  
  78  5:29  Drone  
  78  5:30  Drone x3  
  78  5:34  Spore Crawler  
  81  5:37  Zerg Missile Weapons Level 1, Infestation Pit  
  81  5:38  Drone x2, Hydralisk Den  
  81  5:40  Drone  
  81  5:42  Overlord  
  82  5:46  Overlord  
  82  5:50  Overlord  
  82  5:55  Overlord  
  82  5:59  Overlord  
  82  6:02  Drone x2  
  82  6:03  Drone x3  
  87  6:08  Lurker Den  
  87  6:09  Drone  
  87  6:10  Drone x4  
  92  6:13  Zergling x6  
  92  6:14  Hatchery  
  93  6:25  Drone  
  92  6:30  Hive, Hydralisk x4  
  92  6:31  Hydralisk  
  102  6:34  Hydralisk  
  102  6:37  Hydralisk  
  106  6:48  Hydralisk x3  
  106  6:50  Overlord x2  
  106  6:53  Overlord x2  
  112  6:56  Infestor  
  114  7:01  Overlord  
  114  7:02  Overlord  
  114  7:12  Hydralisk x5  
  124  7:19  Queen x2  
  127  7:34  Drone x5  
  127  7:35  Drone x4  
  135  7:39  Drone x2, Extractor  
  135  7:40  Extractor  
  135  7:42  Viper x3  
  144  7:46  Infestor x2  
  148  7:54  Queen x2  
  148  7:55  Hydralisk, Queen x2  
  148  7:56  Hydralisk  
  159  7:58  Zergling x2  
  159  7:59  Zergling x4  
  159  8:02  Zerg Missile Weapons Level 2  
  162  8:11  Spire  
  161  8:16  Spore Crawler  
  159  8:46  Lurker  
  159  8:47  Lurker x8  
  168  8:56  Overlord  
  168  8:57  Overlord x2  
  168  8:58  Overlord x2  
  168  9:04  Adrenal Glands, Ultralisk Cavern  
  168  9:07  Evolution Chamber  
  166  9:12  Spine Crawler  
  166  9:14  Overlord x2, Spine Crawler  
  166  9:15  Overseer  
  159  9:44  Zerg Melee Weapons Level 1  
  155  9:48  Greater Spire  
  155  9:51  Queen x3  
  161  9:53  Chitinous Plating  
  160  10:01  Queen  
  160  10:04  Lurker x6  
  168  10:17  Zergling x8  
  168  10:18  Zergling x54  
  199  10:23  Spore Crawler x3  
  199  10:24  Spore Crawler  
  199  10:25  Spore Crawler  
  199  10:27  Queen x2  
  198  10:43  Muscular Augments  
  189  11:30  Corruptor x6  
  198  11:37  Corruptor  
  198  11:38  Corruptor x6  
  176  11:44  Corruptor x3  
  168  12:14  Corruptor x4  
  163  12:22  Brood Lord x5  
  176  12:23  Brood Lord x2  
  176  12:25  Queen x2  
  176  12:28  Queen  
  176  12:29  Queen  
  183  12:50  Zergling x16  
  183  12:51  Zergling x12  
  197  12:56  Spine Crawler  
  197  12:57  Spine Crawler  
  197  12:58  Spine Crawler  
  194  13:00  Queen  
  194  13:01  Queen  
  197  13:09  Brood Lord  
Show
View Real Time Build Order
Export as new Build Order

MorroW Protoss 

Build Orders: Adept Opening, Nexus First, Zealot Archon, Disruptor Drop 

Get SALT Encoding   

  12  0:01  Probe (Chrono Boost)  
  13  0:11  Probe (Chrono Boost)  
  14  0:18  Pylon  
  14  0:22  Probe (Chrono Boost)  
  15  0:37  Probe (Chrono Boost)  
  16  0:47  Probe (Chrono Boost)  
  17  0:59  Nexus  
  17  1:01  Probe (Chrono Boost)  
  18  1:12  Probe (Chrono Boost)  
  18  1:15  Gateway  
  19  1:19  Assimilator  
  19  1:23  Probe (Chrono Boost)  
  20  1:27  Assimilator  
  20  1:33  Probe (Chrono Boost)  
  21  1:40  Pylon  
  21  1:44  Probe (Chrono Boost)  
  22  1:51  Gateway  
  22  1:56  Probe (Chrono Boost)  
  23  2:02  Cybernetics Core  
  23  2:06  Probe (Chrono Boost)  
  24  2:11  Probe (Chrono Boost)  
  25  2:17  Probe (Chrono Boost)  
  25  2:21  Probe (Chrono Boost)  
  27  2:27  Probe (Chrono Boost)  
  28  2:32  Probe (Chrono Boost)  
  29  2:39  Probe (Chrono Boost), Adept x2  
  29  2:40  Warp Gate  
  29  2:43  Probe (Chrono Boost)  
  35  2:50  Probe (Chrono Boost)  
  36  2:53  Probe (Chrono Boost)  
  37  3:03  Robotics Facility  
  37  3:04  Probe x2 (Chrono Boost)  
  38  3:07  Zealot  
  40  3:15  Probe (Chrono Boost), Pylon  
  43  3:20  Mothership Core (Chrono Boost)  
  43  3:26  Probe (Chrono Boost), Assimilator x2  
  44  3:37  Probe (Chrono Boost)  
  44  3:38  Pylon  
  45  3:42  Adept x2  
  45  3:47  Probe x2 (Chrono Boost)  
  49  3:57  Probe (Chrono Boost)  
  49  3:58  Probe (Chrono Boost)  
  49  4:01  Warp Prism  
  51  4:05  Robotics Bay  
  51  4:08  Probe x2 (Chrono Boost)  
  53  4:18  Probe (Chrono Boost)  
  53  4:19  Probe (Chrono Boost)  
  53  4:22  Nexus  
  55  4:29  Probe x2 (Chrono Boost)  
  57  4:38  Stargate x2  
  57  4:40  Probe x2 (Chrono Boost)  
  59  4:51  Forge  
  59  4:54  Twilight Council, Disruptor (Chrono Boost)  
  59  4:56  Gravitic Drive  
  62  5:18  Pylon  
  62  5:22  Probe  
  62  5:24  Probe  
  62  5:28  Charge (Chrono Boost)  
  62  5:33  Probe  
  62  5:34  Disruptor (Chrono Boost)  
  64  5:35  Probe  
  64  5:36  Probe  
  66  5:43  Probe  
  66  5:46  Probe  
  66  5:47  Protoss Air Weapons Level 1 (Chrono Boost)  
  66  5:48  Probe  
  69  5:54  Probe, Pylon x2, Assimilator  
  69  5:55  Assimilator  
  69  5:56  Probe  
  70  5:57  Adept x2  
  70  6:00  Probe  
  76  6:05  Probe, Observer (Chrono Boost)  
  76  6:07  Probe  
  76  6:09  Phoenix x2  
  76  6:10  Protoss Ground Weapons Level 1  
  83  6:14  Pylon  
  83  6:15  Probe x2, Pylon  
  83  6:16  Pylon  
  83  6:18  Probe  
  85  6:19  Pylon  
  82  6:29  Immortal  
  82  6:30  Probe x2  
  82  6:31  Probe  
  89  6:36  Phoenix  
  89  6:37  Phoenix  
  93  6:45  Zealot x2  
  97  6:50  Probe  
  97  6:51  Probe x2  
  100  7:03  Probe  
  100  7:04  Phoenix x2  
  100  7:06  Zealot x2  
  100  7:08  Disruptor  
  112  7:17  Gateway  
  112  7:20  Gateway  
  112  7:22  Gateway  
  112  7:25  Gateway  
  112  7:27  Sentry, Stalker, Pylon  
  116  7:43  Disruptor  
  119  7:47  Gateway  
  119  7:48  Gateway  
  119  7:52  Gateway  
  119  7:53  Zealot x2  
  119  7:54  Templar Archives, Gateway  
  119  7:57  Pylon  
  123  8:11  Pylon x2, Photon Cannon  
  123  8:12  Pylon  
  123  8:14  Protoss Ground Weapons Level 2  
  123  8:19  Nexus  
  123  8:30  Zealot x5  
  133  8:35  Pylon  
  133  8:36  Pylon  
  129  8:46  Disruptor  
  132  8:51  Photon Cannon  
  132  9:04  High Templar  
  132  9:05  Pylon, High Templar x5  
  132  9:07  Zealot x2, High Templar  
  132  9:08  Zealot  
  152  9:19  Probe x3  
  152  9:21  Disruptor  
  158  9:26  Archon  
  158  9:27  Archon x2  
  158  9:28  Phoenix  
  158  9:31  Probe  
  157  9:33  Robotics Facility  
  157  9:34  Oracle  
  156  9:42  Pylon  
  142  9:52  Zealot  
  142  9:53  Zealot x9  
  142  9:57  Warp Prism (Chrono Boost)  
  142  9:59  Assimilator  
  164  10:00  Assimilator  
  164  10:04  Photon Cannon  
  164  10:05  Photon Cannon  
  164  10:15  Protoss Ground Armor Level 1  
  164  10:20  Oracle  
  167  10:22  Observer (Chrono Boost)  
  168  10:32  Disruptor (Chrono Boost)  
  168  10:34  High Templar x3  
  168  10:35  Zealot x7, Pylon  
  180  10:41  Disruptor (Chrono Boost)  
  191  10:49  Photon Cannon x2  
  191  10:50  Photon Cannon  
  191  11:03  Disruptor (Chrono Boost)  
  194  11:10  Zealot  
  194  11:11  Zealot x5  
  194  11:34  Disruptor (Chrono Boost)  
  194  11:38  Zealot x5  
  194  11:39  Zealot x4  
  180  11:50  Zealot  
  173  11:58  Oracle  
  173  11:59  Oracle  
  173  12:01  Zealot x3  
  173  12:03  High Templar  
  173  12:04  High Templar x3  
  173  12:05  Zealot x2  
  187  12:21  Archon  
  186  12:27  Zealot x4  
  186  12:29  Probe x4  
  197  12:48  Fleet Beacon  
  197  12:49  Photon Cannon  
  197  12:50  Photon Cannon  
  197  12:54  Nexus  
  189  13:12  Void Ray x2  
  191  13:20  Stalker x4  
  191  13:22  Zealot  
  187  13:31  Zealot x5  
  109  14:12  Zealot x2  
  109  14:13  Zealot x8  

Tags
 
Add a new tag
Caveats
  • Supply blocks, unpowered buildings, or Contaminate may cause inaccurate times.
  • Supply counts are checked every 10 seconds.